 Dungeon Crawl Stone Soup version 0.21-a0-509-gecc5317402 (webtiles) character file.

25 RaHiT the Chiller (level 2, -4/20 HPs)
             Began as a Draconian Ice Elementalist on Nov 30, 2017.
             Slain by a worm (8 damage)
             ... on level 1 of the Dungeon.
             The game lasted 00:04:02 (909 turns).

RaHiT the Chiller (Draconian Ice Elementalist)       Turns: 909, Time: 00:04:03

Health: -4/20      AC:  4    Str: 10    XL:     2   Next: 86%
Magic:  1/6        EV: 11    Int: 15    God:
Gold:   88         SH:  0    Dex: 11    Spells: 6/7 levels left

rFire    . . .     SeeInvis .   (no weapon)
rCold    . . .     Gourm    .   (no shield)
rNeg     . . .     Faith    .   (armour unavailable)
rPois    .         Spirit   .   (helmet restricted)
rElec    .         Reflect  .   (no cloak)
rCorr    .         Harm     .   (no gloves)
MR       .....                  (no boots)
Stlth    +.........             d - amulet of regeneration
HPRegen  0.46/turn              k - +1 ring of slaying
MPRegen  0.10/turn              (no ring)

@: very slightly contaminated, heavily drained
A: unfitting armour, cold-blooded, AC +4
a: no special abilities


You were on level 1 of the Dungeon.
You were hungry.

You visited 1 branch of the dungeon, and saw 2 of its levels.

You collected 88 gold pieces.

Inventory:

Missiles
 g - 5 stones (quivered)
 h - 26 sling bullets
Jewellery
 d - an amulet of regeneration (around neck)
 k - a +1 ring of slaying (left hand)
Scrolls
 e - a scroll of noise {unknown}
 f - a scroll of identify {unknown}
 i - 2 scrolls of remove curse {unknown}
Potions
 j - a potion of agility {unknown}
 m - a potion of invisibility {unknown}
Books
 a - a book of Frost

   Spells                             Type                      Level
   a - Freeze                         Ice                          1
   b - Throw Frost                    Conjuration/Ice              2
   c - Ozocubu's Armour               Charms/Ice                   3
   d - Throw Icicle                   Conjuration/Ice              4
   e - Summon Ice Beast               Ice/Summoning                4
Comestibles
 b - 3 bread rations
 c - 3 chunks of flesh


   Skills:
 - Level 2.0(0.4) Dodging
 - Level 2.0(0.4) Stealth
 + Level 3.0(1.4) Spellcasting
   Level 1.0(0.0) Conjurations
 - Level 3.0(1.3) Ice Magic


You had 6 spell levels left.
You knew the following spells:

 Your Spells              Type           Power        Failure   Level  Hunger
a - Freeze                Ice            #...         14%         1    ##.....


Dungeon Overview and Level Annotations

Branches:
Dungeon (2/15)

Altars:


Innate Abilities, Weirdness & Mutations

Your plain brown scales are hard. (AC +4)
You cannot fit into any form of body armour.
You are cold-blooded and may be slowed by cold attacks.


Message History

The giant cockroach bites you but does no damage.
The giant cockroach barely misses you. The worm bites you.
You hit the giant cockroach. You tail-slap the giant cockroach.
The giant cockroach is severely wounded.
The giant cockroach misses you.
You barely miss the giant cockroach.
The giant cockroach is severely wounded.
The giant cockroach bites you but does no damage.
The worm bites you.
You hit the giant cockroach but do no damage.
The giant cockroach is severely wounded.
The giant cockroach bites you.
You hit the giant cockroach.
The giant cockroach is almost dead.
The giant cockroach closely misses you. The worm bites you.
* * * LOW HITPOINT WARNING * * *
You hit the giant cockroach but do no damage.
The giant cockroach is almost dead.
The giant cockroach closely misses you. x2; The worm bites you!
You die...

#.............##########.# ####
#.###########.# ######.# ...# #.#
#.#####...##.# '#.# #.#
###.......#.##.# .#.###.#
#.....###...##.# ##..##.#
#####.###.# ##.###.# .#.....#
#.....# #.# #.# #.### '#.###.#
#.###s###)# #.# #.... ...# #.###
#.# #@w...# #.# #####
######...###.#####.### #.#######
##.....รท......#.######........
#...##..#####...........######
####...."..........#####...######
......#.#..#####.### #...>.....
#####.#.#.#...##.# #.#.######
##....#...##.# #...# #
##.#.#...##.# #.#.# #


You could see a worm and a giant cockroach.

Vanquished Creatures
  A giant cockroach (D:1)
  A goblin (D:1)
  6 hobgoblins (D:1)
  2 bats (D:1)
  3 kobolds
  14 rats (D:1)
27 creatures vanquished.

Notes
Turn   | Place    | Note
-------+----------+-------------------------------------------
     0 | D:1      | RaHiT the Draconian Ice Elementalist began the quest for the Orb.
     0 | D:1      | Reached XP level 1. HP: 14/14 MP: 3/3
   253 | D:1      | Reached XP level 2. HP: 20/20 MP: 3/5
   909 | D:1      | Slain by a worm

Vault maps used:
D:1:      onia_arrival_larder, st_stairs_8, minmay_rat_gold_closets
D:2:      wad_floor_pattern_untrapped, uniq_natasha

Skill      XL: |  1  2 |
---------------+-------+-----
Stealth        | 2 |  2.0
Dodging        | 2 |  2.0
Spellcasting   | 3 |  3.0
Conjurations   | |  1.0
Ice Magic      | |  3.0

Action                   || total
-------------------------++-------
Melee: Unarmed           ||    10
       Tailslap          ||     2
Throw: Stone             ||     7
 Cast: Freeze            ||    40
Armor: Skin              ||     7
Dodge: Dodged            ||    16

Table legend:
 A = Spawn XP
 B = Non-spawn XP
 C = Spawn XP percentage of total XP
 D = Spawn monster count
 E = Non-spawn monster count
 F = Spawn count percentage of total count
 G = Total turns spent on level
                    A         B        C        D         E        F      G
               +---------+---------+-------+---------+---------+-------+---------
         Total |       0 |      37 |   0.0 |       0 |      27 |   0.0 |   909
               +---------+---------+-------+---------+---------+-------+---------
           D:1 |       0 |      35 |   0.0 |       0 |      26 |   0.0 |   895
           D:2 |       0 |       2 |   0.0 |       0 |       1 |   0.0 |    14
               +---------+---------+-------+---------+---------+-------+---------
